NCAA
LOUISVILLE CARDINALS @ MIAMI HURRICANES
04/19/2023
 
TOP OF THE 1ST
Louisville Cardinals batting - Pitching for Miami Hurricanes : RHP Bob Schneider
Pitching: RHP Bob Schneider
Batting: RHB George Reeves 0-0: Called Strike
0-1: Ground out 4-3 (Groundball, 4M)
Batting: RHB Gabriel Méndez 0-0: Swinging Strike
0-1: Swinging Strike
0-2: Ground out U3 (Groundball, 3)
Batting: LHB Donovan Myers 0-0: Ball
1-0: Called Strike
1-1: Called Strike
1-2: Ground out U3 (Groundball, 3)
Top of the 1st over - 0 run(s), 0 hit(s), 0 error(s), 0 left on base; Louisville 0 - Miami 0
BOTTOM OF THE 1ST
Miami Hurricanes batting - Pitching for Louisville Cardinals : LHP Frank Simmons
Pitching: LHP Frank Simmons
Batting: SHB Douglas Taylor 0-0: Called Strike
0-1: Ball
1-1: Called Strike
1-2: Strikes out swinging, 2-3 out at first.
Batting: RHB Ken MacDonald 0-0: Called Strike
0-1: Swinging Strike
0-2: Ball
1-2: Ball
2-2: Ball
3-2: Base on Balls
Batting: RHB Roberto Tobías 0-0: 2-RUN HOME RUN (Line Drive, 8LXD), Distance : 400 ft
Batting: RHB Edward Holloway 0-0: Called Strike
0-1: Foul Ball, location: 2F
0-2: Ball
1-2: Foul Ball, location: 2F
1-2: Ball
2-2: Foul Ball, location: 2F
2-2: Strikes out looking
Batting: RHB Dwight Henderson 0-0: Ball
1-0: Ball
2-0: Ball
3-0: Base on Balls
Batting: LHB Juan Rocha 0-0: Ball
1-0: Ball
2-0: Ball
3-0: Called Strike
3-1: Foul Ball, location: 2F
3-2: Strikes out looking
Bottom of the 1st over - 2 run(s), 1 hit(s), 0 error(s), 1 left on base; Louisville 0 - Miami 2
TOP OF THE 2ND
Louisville Cardinals batting - Pitching for Miami Hurricanes : RHP Bob Schneider
Batting: LHB António Camacho 0-0: Ball
1-0: Ball
2-0: Foul Ball, location: 2F
2-1: Foul Ball, location: 2F
2-2: Foul Ball, location: 2F
2-2: Ball
3-2: Foul Ball, location: 2F
3-2: Base on Balls
Batting: RHB Bobby Booker 0-0: Swinging Strike
0-1: Swinging Strike
0-2: Strikes out swinging
Batting: LHB Evan Díaz 0-0: Grounds into double play, 4-6-3 (Groundball, 4)
Top of the 2nd over - 0 run(s), 0 hit(s), 0 error(s), 0 left on base; Louisville 0 - Miami 2
BOTTOM OF THE 2ND
Miami Hurricanes batting - Pitching for Louisville Cardinals : LHP Frank Simmons
Batting: SHB Will Davis 0-0: Ball
1-0: SOLO HOME RUN (Flyball, 78XD), Distance : 383 ft
Batting: RHB Gilbert Forbes 0-0: SINGLE (Groundball, 56D)
Batting: RHB Nick Watts 0-0: Ball
1-0: Ball
2-0: Called Strike
2-1: Foul Ball, location: 2F
2-2: Ball
3-2: Base on Balls
Gilbert Forbes to second
Batting: SHB Douglas Taylor 0-0: DOUBLE (Line Drive, 5D)
Gilbert Forbes scores
Nick Watts to third
Batting: RHB Ken MacDonald 0-0: Ball
1-0: Called Strike
1-1: Ball
2-1: Called Strike
2-2: Strikes out looking
Batting: RHB Roberto Tobías 0-0: Ball
1-0: Ball
2-0: Ball
3-0: Base on Balls
Batting: RHB Edward Holloway 0-0: Ball
1-0: Ball
2-0: Called Strike
2-1: Ball
3-1: Fly out, F8 (Line Drive, 8RM)
Batting: RHB Dwight Henderson 0-0: Called Strike
0-1: Ball
1-1: Ball
2-1: Foul Ball, location: 2F
2-2: Ball
3-2: Base on Balls
Nick Watts scores
Douglas Taylor to third
Roberto Tobías to second
Batting: LHB Juan Rocha 0-0: Ball
1-0: Foul Ball, location: 2F
1-1: Ball
2-1: Ground out U3 (Groundball, 3L)
Bottom of the 2nd over - 3 run(s), 3 hit(s), 0 error(s), 3 left on base; Louisville 0 - Miami 5
TOP OF THE 3RD
Louisville Cardinals batting - Pitching for Miami Hurricanes : RHP Bob Schneider
Batting: RHB José González 0-0: Called Strike
0-1: Fly out, F9 (Flyball, 89D)
Batting: RHB Michael Jones 0-0: Foul Ball, location: 2F
0-1: Ball
1-1: Foul Ball, location: 2F
1-2: Ball
2-2: Ground out 5-3 (Groundball, 5S)
Batting: RHB Clark Greer 0-0: Ball
1-0: Foul Ball, location: 2F
1-1: Ball
2-1: Called Strike
2-2: Ball
3-2: Base on Balls
Batting: RHB George Reeves 0-0: Fly out, F7 (Flyball, 78M)
Top of the 3rd over - 0 run(s), 0 hit(s), 0 error(s), 1 left on base; Louisville 0 - Miami 5
BOTTOM OF THE 3RD
Miami Hurricanes batting - Pitching for Louisville Cardinals : LHP Frank Simmons
Batting: SHB Will Davis 0-0: Called Strike
0-1: Ball
1-1: Swinging Strike
1-2: Ball
2-2: Ball
3-2: Strikes out looking
Batting: RHB Gilbert Forbes 0-0: Ball
1-0: Ball
2-0: Ball
3-0: Base on Balls
Batting: RHB Nick Watts 0-0: Foul Ball, location: 2F
0-1: Ball
1-1: Ball
2-1: Called Strike
2-2: Strikes out looking
Batting: SHB Douglas Taylor 0-0: Called Strike
0-1: Ball
1-1: SINGLE (Groundball, 6MD)
Gilbert Forbes to second
Pitching: LHP Don Morgan
Batting: RHB Ken MacDonald 0-0: Foul Ball, location: 2F
0-1: Foul Ball, location: 2F
0-2: Strikes out swinging
Bottom of the 3rd over - 0 run(s), 1 hit(s), 0 error(s), 2 left on base; Louisville 0 - Miami 5
TOP OF THE 4TH
Louisville Cardinals batting - Pitching for Miami Hurricanes : RHP Bob Schneider
Batting: RHB Gabriel Méndez 0-0: Swinging Strike
0-1: Foul Ball, location: 2F
0-2: Foul Ball, location: 2F
0-2: Ball
1-2: Strikes out looking
Batting: LHB Donovan Myers 0-0: SOLO HOME RUN (Flyball, 9D), Distance : 366 ft
Batting: LHB António Camacho 0-0: DOUBLE (Line Drive, 8LM)
Batting: RHB Bobby Booker 0-0: Ball
1-0: Called Strike
1-1: Fly out, F9 (Flyball, 9LM)
Batting: LHB Evan Díaz 0-0: Ground out 4-3 (Groundball, 4)
Top of the 4th over - 1 run(s), 2 hit(s), 0 error(s), 1 left on base; Louisville 1 - Miami 5
BOTTOM OF THE 4TH
Miami Hurricanes batting - Pitching for Louisville Cardinals : LHP Don Morgan
Batting: RHB Roberto Tobías 0-0: Ball
1-0: Ball
2-0: Called Strike
2-1: Swinging Strike
2-2: Ball
3-2: Fly out, F7 (Flyball, 78M)
Batting: RHB Edward Holloway 0-0: Fly out, F4 (Popup, 34D)
Batting: RHB Dwight Henderson 0-0: Ball
1-0: Reached on error, E6 (Groundball, 6)
Batting: LHB Juan Rocha 0-0: Ball
1-0: Foul Ball, location: 2F
1-1: Ball
2-1: Ball
3-1: Base on Balls
Dwight Henderson to second
Batting: SHB Will Davis 0-0: Fly out, F3 (Popup, 3SF)
Bottom of the 4th over - 0 run(s), 0 hit(s), 1 error(s), 2 left on base; Louisville 1 - Miami 5
TOP OF THE 5TH
Louisville Cardinals batting - Pitching for Miami Hurricanes : RHP Bob Schneider
Batting: RHB José González 0-0: Called Strike
0-1: Foul Ball, location: 2F
0-2: Ball
1-2: Ground out 2-3 (Groundball, 23)
Batting: RHB Michael Jones 0-0: Ball
1-0: Ball
2-0: Called Strike
2-1: Foul Ball, location: 2F
2-2: Foul Ball, location: 2F
2-2: Strikes out looking
Batting: RHB Clark Greer 0-0: Called Strike
0-1: Swinging Strike
0-2: Ball
1-2: Ball
2-2: Strikes out swinging
Top of the 5th over - 0 run(s), 0 hit(s), 0 error(s), 0 left on base; Louisville 1 - Miami 5
BOTTOM OF THE 5TH
Miami Hurricanes batting - Pitching for Louisville Cardinals : LHP Don Morgan
Batting: RHB Gilbert Forbes 0-0: Ball
1-0: Ball
2-0: Ball
3-0: Called Strike
3-1: Foul Ball, location: 2F
3-2: Base on Balls
Batting: RHB Nick Watts 0-0: Ball
1-0: Foul Ball, location: 2F
1-1: Fly out, F9 (Flyball, 9D)
Batting: SHB Douglas Taylor 0-0: Called Strike
Gilbert Forbes steals 2nd base
0-1: Ball
1-1: Intentional Walk
Batting: RHB Ken MacDonald 0-0: Ball
1-0: Ball
2-0: Ball
3-0: Called Strike
3-1: Called Strike
3-2: Base on Balls
Gilbert Forbes to third
Douglas Taylor to second
Batting: RHB Roberto Tobías 0-0: Ball
1-0: Ball
2-0: Called Strike
2-1: Ball
3-1: Base on Balls
Gilbert Forbes scores
Douglas Taylor to third
Ken MacDonald to second
Batting: RHB Edward Holloway 0-0: Ball
1-0: Foul Ball, location: 2F
1-1: Called Strike
1-2: Grounds into fielders choice 1-2 (Groundball, 13)
Ken MacDonald to third
Roberto Tobías to second
Batting: RHB Dwight Henderson 0-0: Swinging Strike
0-1: SINGLE (Groundball, 34D)
Ken MacDonald scores
Roberto Tobías to third
Edward Holloway to second
Batting: LHB Juan Rocha 0-0: Swinging Strike
0-1: Swinging Strike
0-2: Ball
1-2: SINGLE (Line Drive, 56D)
Roberto Tobías scores
Edward Holloway to third
Dwight Henderson to second
Runner from 3rd tries for Home, SAFE, no throw or cutoff
Batting: SHB Will Davis 0-0: Called Strike
0-1: Ball
1-1: Foul Ball, location: 2F
1-2: Fly out, F9 (Flyball, 9M)
Bottom of the 5th over - 4 run(s), 2 hit(s), 0 error(s), 2 left on base; Louisville 1 - Miami 9
TOP OF THE 6TH
Louisville Cardinals batting - Pitching for Miami Hurricanes : RHP Bob Schneider
Batting: RHB George Reeves 0-0: Fly out, F9 (Flyball, 89M)
Batting: RHB Gabriel Méndez 0-0: Called Strike
0-1: Ball
1-1: Called Strike
1-2: Foul Ball, location: 2F
1-2: Ground out 1-3 (Groundball, 15S)
Batting: LHB Donovan Myers 0-0: Foul Ball, location: 2F
0-1: Foul Ball, location: 2F
0-2: Strikes out looking
Top of the 6th over - 0 run(s), 0 hit(s), 0 error(s), 0 left on base; Louisville 1 - Miami 9
BOTTOM OF THE 6TH
Miami Hurricanes batting - Pitching for Louisville Cardinals : LHP Don Morgan
Pitching: RHP Ralph Dukes
Batting: RHB Gilbert Forbes 0-0: SINGLE (Groundball, 4M)
Batting: RHB Nick Watts 0-0: Called Strike
0-1: Ball
1-1: Foul Ball, location: 2F
1-2: Foul Ball, location: 2F
1-2: Ball
2-2: Fly out, F5 (Line Drive, 5D)
Batting: SHB Douglas Taylor 0-0: Ball
Gilbert Forbes steals 2nd base
1-0: Foul Ball, location: 2F
1-1: Called Strike
Gilbert Forbes steals 3rd base
1-2: Foul Ball, location: 2F
1-2: Strikes out swinging
Batting: RHB Ken MacDonald 0-0: Ball
1-0: Ball
2-0: Ball
3-0: Called Strike
3-1: Ground out 6-3 (Groundball, 6M)
Bottom of the 6th over - 0 run(s), 1 hit(s), 0 error(s), 1 left on base; Louisville 1 - Miami 9
TOP OF THE 7TH
Louisville Cardinals batting - Pitching for Miami Hurricanes : RHP Bob Schneider
Batting: LHB António Camacho 0-0: Ball
1-0: Ball
2-0: Ground out 4-3 (Groundball, 4)
Batting: RHB Bobby Booker 0-0: Ball
Error on foul ball, E7
1-1: Ball
2-1: Ball
3-1: Base on Balls
Batting: LHB Evan Díaz 0-0: Ball
1-0: Foul Ball, location: 2F
1-1: Foul Ball, location: 2F
1-2: Foul Ball, location: 2F
1-2: Ball
2-2: Grounds into double play, 3-6-1 (Groundball, 3)
Top of the 7th over - 0 run(s), 0 hit(s), 1 error(s), 0 left on base; Louisville 1 - Miami 9
BOTTOM OF THE 7TH
Miami Hurricanes batting - Pitching for Louisville Cardinals : RHP Ralph Dukes
Batting: RHB Roberto Tobías 0-0: Swinging Strike
0-1: Swinging Strike
0-2: Strikes out swinging
Batting: RHB Edward Holloway 0-0: Ball
1-0: Ball
2-0: Called Strike
2-1: Called Strike
2-2: Foul Ball, location: 2F
2-2: TRIPLE (Line Drive, 8RM)
Batting: RHB Dwight Henderson 0-0: Called Strike
0-1: SINGLE (Line Drive, 4MD)
Edward Holloway scores
Batting: LHB Juan Rocha 0-0: Ball
1-0: Ball
2-0: Ball
3-0: Called Strike
3-1: Base on Balls
Dwight Henderson to second
Batting: SHB Will Davis 0-0: Called Strike
0-1: Fielders Choice at 2nd, 4-6 (Groundball, 4)
Dwight Henderson to third
Batting: RHB Gilbert Forbes 0-0: Foul Ball, location: 2F
0-1: Ball
1-1: Ball
2-1: Called Strike
2-2: Ball
3-2: Foul Ball, location: 2F
3-2: Base on Balls
Will Davis to second
Batting: RHB Nick Watts 0-0: Fly out, F3 (Popup, 3DF)
Bottom of the 7th over - 1 run(s), 2 hit(s), 0 error(s), 3 left on base; Louisville 1 - Miami 10
TOP OF THE 8TH
Louisville Cardinals batting - Pitching for Miami Hurricanes : RHP Bob Schneider
Pitching: RHP Paul Jackson
Batting: RHB José González 0-0: Ball
1-0: Called Strike
1-1: Swinging Strike
1-2: Ground out 4-3 (Groundball, 4MS)
Pinch Hitting: RHB Zach O'Neill 0-0: Called Strike
0-1: Ball
1-1: Swinging Strike
1-2: Strikes out swinging
Batting: RHB Clark Greer 0-0: Ball
1-0: Called Strike
1-1: Foul Ball, location: 2F
1-2: Ball
2-2: Strikes out swinging
Top of the 8th over - 0 run(s), 0 hit(s), 0 error(s), 0 left on base; Louisville 1 - Miami 10
BOTTOM OF THE 8TH
Miami Hurricanes batting - Pitching for Louisville Cardinals : RHP Ralph Dukes
Pitching: LHP Frank Campbell
Now at 3B: Billy Noble
Batting: SHB Douglas Taylor 0-0: Ball
1-0: DOUBLE (Groundball, 5L)
Batting: RHB Ken MacDonald 0-0: Foul Ball, location: 2F
0-1: Called Strike
0-2: Ball
1-2: Ball
2-2: Foul Ball, location: 2F
2-2: Ball
3-2: Ground out 3-1 (Groundball, 34)
Douglas Taylor to third
Batting: RHB Roberto Tobías 0-0: Ball
1-0: SINGLE (Groundball, 34D)
Douglas Taylor scores
Batting: RHB Edward Holloway 0-0: Called Strike
0-1: Ball
1-1: Called Strike
1-2: Strikes out swinging
Batting: RHB Dwight Henderson 0-0: Ground out 6-3 (Groundball, 6)
Bottom of the 8th over - 1 run(s), 2 hit(s), 0 error(s), 1 left on base; Louisville 1 - Miami 11
TOP OF THE 9TH
Louisville Cardinals batting - Pitching for Miami Hurricanes : RHP Paul Jackson
Batting: RHB George Reeves 0-0: SINGLE (Flyball, 7S)
Batting: RHB Gabriel Méndez 0-0: Ball
1-0: Called Strike
1-1: Foul Ball, location: 2F
1-2: Ball
2-2: Foul Ball, location: 2F
2-2: Ball
3-2: Base on Balls
George Reeves to second
Batting: LHB Donovan Myers 0-0: Called Strike
0-1: SINGLE (Line Drive, 6D)
George Reeves to third
Gabriel Méndez to second
Runner from 3rd tries for Home, SAFE, no throw or cutoff
Batting: LHB António Camacho 0-0: Foul Ball, location: 2F
0-1: Reached on error, E3 (Groundball, 3L)
Gabriel Méndez to third
Donovan Myers to second
Batting: RHB Bobby Booker 0-0: Called Strike
0-1: Ball
1-1: Ground out 6-3 (Groundball, 6MS)
Gabriel Méndez scores
Donovan Myers to third
António Camacho to second
Batting: LHB Evan Díaz 0-0: Ball
1-0: Called Strike
1-1: Ground out 1-3 (Groundball, 15)
Batting: RHB José González 0-0: Swinging Strike
0-1: Ball
1-1: Called Strike
1-2: Strikes out swinging
Top of the 9th over - 2 run(s), 2 hit(s), 1 error(s), 2 left on base; Louisville 3 - Miami 11
This league is powered by Out of the Park Baseball, the baseball management simulation game for PC, Mac and Linux
Wednesday, December 2nd, 2015 - OOTP Baseball 16.8 Build 38